 Dungeon Crawl Stone Soup version 0.31-a0-986-g5e6e4ef867 (webtiles) character file.

Game seed: 16313502269876234526

151 2FriedEggs the Changeling (level 5, -5/33 HPs)
             Began as an Octopode Shapeshifter on Nov 15, 2023.
             Slain by a sleepcap (15 damage)
             ... on level 4 of the Dungeon.
             The game lasted 00:05:27 (2246 turns).

2FriedEggs the Changeling (Octopode Shapeshifter)   Turns: 2246, Time: 00:05:28

Health: -5/33      AC:  1    Str: 16    XL:     5   Next: 33%
Magic:  5/5        EV:  2    Int: 18    God:
Gold:   159        SH:  0    Dex: 11    Spells: 4/4 levels left

rFire   . .          .
                       - Unarmed
rCold   . . .        (no shield)
rNeg    . . .        (helmet currently unavailable)
rPois   .            k - amulet of the acrobat
rElec   .            i - +6 ring of intelligence
rCorr   .            g - ring of willpower
SInv    .            a - ring of willpower
Will    ++...        (no ring)
Stlth   ++           (no ring)
HPRegen 0.25/turn    (no ring)
MPRegen 0.09/turn    (no ring)
                     (no ring)

%: acrobat
@: beast-form, sleeping
A: beast (slay +3), almost no armour, amphibious, 8 rings, camouflage 1,
gelatinous body 1, (nimble swimmer 1), tentacles
a: Begin Untransformation


You were on level 4 of the Dungeon.
You were a hulking beast.
You visited 1 branch of the dungeon, and saw 4 of its levels.

You collected 159 gold pieces.

Inventory:

Jewellery
 a - a ring of willpower (on tentacle)
 g - a ring of willpower (right tentacle)
 i - a +6 ring of intelligence (left tentacle)
 k - an amulet of the acrobat (around mantle)
Talismans
 b - a beast talisman
 c - a flux talisman
Wands
 o - a wand of iceblast (4)
Scrolls
 d - 3 scrolls of identify {unknown}
 f - a scroll of enchant weapon {unknown}
 h - a scroll of brand weapon {unknown}
 l - 2 scrolls of teleportation {unknown}
Potions
 e - a potion of haste {unknown}
 j - a potion of curing {unknown}
 m - 2 potions of berserk rage {unknown}
 n - a potion of invisibility {unknown}
 p - a potion of heal wounds {unknown}
 q - a potion of enlightenment {unknown}
 r - a potion of ambrosia {unknown}
 s - a potion of attraction {unknown}


   Skills:
 - Level 1.1 Fighting
 - Level 2.0 Dodging
 - Level 3.0 Unarmed Combat
 * Level 5.4 Shapeshifting


You had 4 spell levels left.
You didn't know any spells.
Your spell library contained the following spells:

 Spells                   Type           Power      Damage    Failure   Level
 Blink                    Tloc           0%         N/A       32%         2
 Lesser Beckoning         Tloc           0%         N/A       32%         2
 Gell's Gravitas          Tloc           0%         N/A       54%         3
 Teleport Other           Tloc           0%         N/A       54%         3
 Brom's Barrelling Bould  Conj/Erth      0%         2d3       91%         4
 Manifold Assault         Tloc           0%         N/A       91%         4
 Fireball                 Conj/Fire      0%         3d3       99%         5
 Iskenderun's Battlesphe  Conj           0%         2d6       99%         5
 Conjure Ball Lightning   Conj/Air       0%         3x3d6     100%        6
 Orb of Destruction       Conj           0%         9d5       100%        7


Dungeon Overview and Level Annotations

Branches:
Dungeon (4/15)
 Temple: D:4-7

Altars:

Shops:
D:1 [

Annotations:
D:3 1 runed translucent door, Crazy Yiuf


Innate Abilities, Weirdness & Mutations

You are a hulking beast.
Your limbs bulge with bestial killing power. (Slay +3)
You cannot wear most types of armour.
You are amphibious.
You can wear up to eight rings at the same time.
Your skin changes colour to match your surroundings (Stealth+).
Your rubbery body absorbs attacks. (AC +1, EV +1)
((You are camouflaged when in or above water. (Stealth+)))
You have tentacles for arms and can constrict up to eight enemies at once.


Message History

The gnoll is lightly wounded.
You constrict the gnoll. You tentacle-slap the gnoll.
The gnoll is heavily wounded.
You constrict the gnoll. The gnoll completely misses you.
You tentacle-slap the gnoll. You squeeze the gnoll.
The gnoll is severely wounded.
You constrict the gnoll. The gnoll closely misses you.
You release your grip on the gnoll.
The gnoll completely misses you.
You tentacle-slap the gnoll but do no damage.
You grab the gnoll. You squeeze the gnoll!
The gnoll is almost dead.
You constrict the gnoll, but do no damage.
The gnoll hits you with a +2 flail of holy wrath!
You tentacle-slap the gnoll.
You kill the gnoll!
You tentacle-slap the gnoll.
You kill the gnoll!
You tentacle-slap the sleepcap but do no damage.
You grab the sleepcap. You squeeze the sleepcap!
The sleepcap is moderately damaged.
You constrict the sleepcap, but do no damage.
The sleepcap barely misses you.
You tentacle-slap the sleepcap.
The sleepcap is heavily damaged.
You constrict the sleepcap, but do no damage.
The sleepcap releases spores at you!
You tentacle-slap the sleepcap.
The sleepcap is heavily damaged.
You constrict the sleepcap, but do no damage.
The sleepcap releases spores at you!
You tentacle-slap the sleepcap. You squeeze the sleepcap.
The sleepcap is almost destroyed.
You constrict the sleepcap. The sleepcap releases spores at you.
You are engulfed in a cloud of soporific spores!
You fall asleep.
You lose your grip on the sleepcap.
The sleepcap releases spores at you!
You die...

###########
##..........
#..#.#######
#.##.#.....#
#.##.#.#.#.#
#.##...#.# .. .
########.######(#####
..♣♣ #....fh...#
#.#...# .....
###.########
#.#.#.#.# #...'##g..#
#.....#.# #...###
#######.### #f.##
#....... ..'###
#.###### ..... .. #
..♣♣♣ ... # . ## #


You could see a sleepcap.

Vanquished Creatures
  Robin (D:2)
  2 gnolls (D:4)
  3 adders
  2 worms
  8 endoplasms
  4 giant cockroaches
  18 goblins
  6 hobgoblins
  8 jackals
  3 quokkas
  8 ball pythons
  6 bats
  4 frilled lizards
  2 kobolds
  7 rats
82 creatures vanquished.

Notes
Turn   | Place    | Note
-------+----------+-------------------------------------------
     0 | D:1      | 2FriedEggs the Octopode Shapeshifter began the quest for
                  | the Orb.
     0 | D:1      | Reached XP level 1. HP: 13/13 MP: 1/1
    77 | D:1      | Reached XP level 2. HP: 17/18 MP: 2/2
   130 | D:1      | Found Semof's Antique Armour Boutique.
   211 | D:1      | You fall into a shaft and drop 1 floor!
   288 | D:2      | Reached XP level 3. HP: 18/23 MP: 3/3
   390 | D:2      | Reached skill level 4 in Shapeshifting
   488 | D:2      | Noticed Robin
   521 | D:2      | Killed Robin
   522 | D:2      | Reached XP level 4. HP: 17/28 MP: 4/4
  1344 | D:3      | Reached skill level 5 in Shapeshifting
  1570 | D:3      | Reached XP level 5. HP: 33/33 MP: 5/5
  1638 | D:3      | Found a runed translucent door.
  1639 | D:3      | Noticed Crazy Yiuf
  2246 | D:4      | Slain by a sleepcap

Illustrated notes

Levels and vault maps discovered:
D:1:      elethiomel_arrival_quiet, layout_basic, serial_shops,
          nicolae_shop_overgrown_old_shop, columned_hall_lemuel
D:2:      layout_loops_ring, uniq_robin
D:3:      layout_loops_cross, dk_vineyard_1, uniq_crazy_yiuf_cottage
D:4:      layout_loops_ring, mainiacjoe_overflow_two_lobes,
          hangedman_abyss_or_decor_stabs, minmay_misc_feat_ornament,
          minmay_lizard_king

Skill      XL: |  1  2  3  4 |
---------------+-------------+-----
Shapeshifting  | 4 5 |  5.4
Fighting       | |  1.1
Dodging        | |  2.0
Unarmed Combat | |  3.0

Action                     |  1- 3 |  4- 6 || total
---------------------------+-------+-------++-------
  Melee: Unarmed           |    74 |    85 ||   159
         Tentacles         |     6 |    19 ||    25
         Constrict         |    11 |    22 ||    33
         Punch             |     2 |     1 ||     3
    Use: Potion            |     1 |       ||     1
   Stab: Sleeping          |     4 |     6 ||    10
 Armour: Skin              |    29 |    17 ||    46
  Dodge: Dodged            |    41 |    48 ||    89

Table legend: (Time is in decaauts)
 A = Elapsed time spent in this place.
 B = Non-inter-level travel time spent in this place.
 C = Inter-level travel time spent in this place.
 D = Time resting spent in this place.
 E = Time spent auto-exploring this place.
 F = Levels seen in this place.
 G = Mean time per level.
                   A        B        C        D        E       F      G
               +--------+--------+--------+--------+--------+-----+--------+
         Total |   2234 |   2155 |     79 |     78 |   1613 |   4 |  558.5 |
       Dungeon |   2234 |   2155 |     79 |     78 |   1613 |   4 |  558.5 |
               +--------+--------+--------+--------+--------+-----+--------+

Top non-repeatable levels by time:
     D:3: 824 daAuts
     D:2: 722 daAuts
     D:1: 606 daAuts
     D:4: 81 daAuts
